Winsometimes, chaotic male human Rogue ##)@)#)#####------------ ----------- #-.......|..| |._.......+# ###|..........| | |..<......|#######|..........| |....... ...........##### ------------ ------- ----------- Winsometimes the Cutpurse Experience level: 5 Strength: 15 Dexterity: 18 Constitution: 16 Intelligence: 10 Wisdom: 12 Charisma: 7 Health: 0(33) Energy: 15(15) Def: 4 Gold: 1413 Moves: 2180 Dungeon seed: 5EUo3Cds2a3tpI6G Game ID: Winsometimes_1523047531 Your Inventory: Coins $ - 1413 gold pieces Weapons a - an uncursed +0 short sword (weapon in hand) b - 2 uncursed +0 daggers (in quiver) Armor e - an uncursed +1 leather armor (being worn) n - a blessed +0 orcish cloak r - an uncursed +0 orcish helm (being worn) Comestibles h - 2 uncursed food rations k - an uncursed lembas wafer C - an uncursed partly eaten food ration Scrolls E - a blessed scroll of enchant weapon Potions c - 2 uncursed potions of sickness x - an uncursed potion of hallucination A - an uncursed potion of levitation D - an uncursed potion of sleeping Rings j - an uncursed ring of regeneration o - an uncursed ring of conflict p - an uncursed ring of cold immunity Tools d - an uncursed lock pick f - an uncursed oil lamp (0:1278) g - an uncursed sack F - an uncursed can of grease (0:11) Spells and supernatural/magical abilities: Name Level Category Cost Memory W - pray for help -- divine ? -- Your skills at the end: Fighting Skills wands [Basic] Weapon Skills dagger [Basic] short sword [Basic] Spellcasting Skills Final Attributes: You were stealthy. You are dead. Vanquished creatures: 2 Uruk-hai a pony a fog cloud a yellow light a giant ant a floating eye 3 rothes 3 iguanas 4 killer bees 5 manes a cave spider a red mold 2 geckos a jackal a fox a kobold 5 goblins a sewer rat 3 grid bugs a bat 3 lichens 3 newts 45 creatures vanquished. Voluntary challenges: You used a wielded weapon 45 times, starting on turn 187. You read items or engraved 95 times, starting on turn 1616. You never genocided any monsters. You never polymorphed an object. You never changed form. You used no wishes. You never split a pudding. You wrote Elbereth's name 84 times, starting on turn 1616. You violated your moral code, losing 25 points of alignment, starting on turn 1948. Dungeon overview: The Dungeons of Doom: levels 1 to 7 Level 1 a long staircase Level 2 Level 3 a fountain Level 4 an altar to Kos, a fountain, a vault a long staircase Level 5 some fountains Level 6 a fountain Level 7 <- You were here an altar to Issek History has recorded: On T:1 you entered the Dungeons of Doom to retrieve the Amulet of Yendor! On T:212 you reached level 2 of The Dungeons of Doom. On T:491 you reached level 3 of The Dungeons of Doom. On T:568 you advanced to experience level 2. On T:819 you reached level 4 of The Dungeons of Doom. On T:951 you advanced to experience level 3. On T:1266 you reached level 5 of The Dungeons of Doom. On T:1395 you advanced to experience level 4. On T:1553 you reached level 6 of The Dungeons of Doom. On T:2018 you advanced to experience level 5. On T:2104 you reached level 7 of The Dungeons of Doom. Score breakdown: Gold: 1413 (10716 points) Experience: 5 levels (11141 points) Exploration: 7 levels ( 13.73%) (10392 points) Discoveries: 2 items ( 0.66%) ( 2441 points) Valuables value: (no points given unless you survive) Artifact value: 0 ( 0 points) Variety of kills: 22 monsters ( 5.79%) ( 7218 points) Turncount: 2180 turns ( -128 points) Survival: died (score multiplied by 80%) Total score: 33424 Latest messages: You throw 2 daggers. The 1st dagger hits it. The 2nd dagger hits it. You throw 2 daggers. The 1st dagger hits it. The 2nd dagger hits it. You kill it! You are hit by a poisoned crude arrow. (2x) You throw 2 daggers. You see here 2 poisoned crude arrows. You are hit by a poisoned crude arrow. You hear the howling of the CwnAnnwn... You write in the dust with your fingers. You add to the writing in the dust with your fingers. The rothe drops 2 poisoned crude arrows. You are hit by a poisoned crude arrow! You die... The sack is empty. The sack is empty. Final status: Goodbye Winsometimes the Rogue, killed by an orcish arrow... You died in The Dungeons of Doom on dungeon level 7 with 33424 points, and 1413 pieces of gold, after 2180 moves. You were level 5 with a maximum of 33 hit points when you died.